 Dungeon Crawl Stone Soup version 0.22-a0-355-g201945f (webtiles) character file.

443 Amnesiac the Cutter (level 7, -2/35 HPs)
             Began as a Vine Stalker Fighter on Apr 17, 2018.
             Was an Initiate of Ru.
             Slain by a water moccasin (5 damage)
             ... on level 6 of the Dungeon.
             The game lasted 00:03:41 (1218 turns).

Amnesiac the Cutter (Vine Stalker Fighter)          Turns: 1218, Time: 00:03:42

Health: -2/35      AC:  6    Str: 21    XL:     7   Next: 2%
Magic:  0/8        EV:  7    Int:  8    God:    Ru [......]
Gold:   221        SH:  9    Dex: 13    Spells: 6/6 levels left

rFire    . . .     SeeInvis .   a - +0 rapier
rCold    . . .     Gourm    .   c - +0 shield
rNeg     . . .     Faith    .   b - +0 scale mail
rPois    .         Spirit   +   (no helmet)
rElec    .         Reflect  .   (no cloak)
rCorr    .         Harm     .   (no gloves)
MR       .....                  (no boots)
Stlth    ..........             (no amulet)
HPRegen  0.51/turn              (no ring)
MPRegen  0.11/turn              (no ring)

@: lethally poisoned (-2 -> -14)
A: fangs 2, regeneration 1, magic shield, antimagic bite, no potion heal 3, rot
immunity
a: Renounce Religion


You were on level 6 of the Dungeon.
You worshipped Ru.
Ru was noncommittal.
You were not hungry.

You visited 1 branch of the dungeon, and saw 6 of its levels.

You collected 221 gold pieces.

Inventory:

Hand Weapons
 a - a +0 rapier (weapon)
Armour
 b - a +0 scale mail (worn)
 c - a +0 shield (worn)
 e - a +0 helmet
Wands
 k - a wand of random effects (19)
Scrolls
 g - 2 scrolls of teleportation {!r}
 h - a scroll of blinking {!r, unknown}
 i - a scroll of remove curse {!r, unknown}
 l - a scroll of fear {!r, unknown}
 m - 2 scrolls of identify {!r}
Potions
 d - a potion of might {!q}
 j - a potion of heal wounds {!q, unknown}
 n - a potion of curing {!q, unknown}
Comestibles
 f - 7 rations


   Skills:
 - Level 2.6 Fighting
 + Level 6.7 Short Blades
 - Level 2.4 Armour
 - Level 2.6 Shields


You had 6 spell levels left.
You didn't know any spells.

Dungeon Overview and Level Annotations

Branches:
Dungeon (6/15)
 Temple: D:4-7

Altars:
Cheibriados
Nemelex Xobeh
Qazlal
Ru
Sif Muna


Innate Abilities, Weirdness & Mutations

You have extremely sharp teeth.
Your natural rate of healing is unusually fast.
When hurt, damage is shared between your health and your magic reserves.
Your bite disrupts and absorbs the magic of your enemies.
Potions cannot restore your health.
You are immune to rotting.


Message History

You bite the water moccasin. You drain its power.
You feel invigorated.
The water moccasin is lightly wounded.
You block the water moccasin's attack.
You miss the water moccasin.
The water moccasin is lightly wounded.
The water moccasin barely misses you.
You hit the water moccasin.
The water moccasin is moderately wounded.
The water moccasin bites you. x2
You are poisoned.
The water moccasin poisons you!
You barely miss the water moccasin.
The water moccasin is moderately wounded.
You feel sick. The water moccasin barely misses you.
You hit the water moccasin but do no damage.
The water moccasin is moderately wounded.
You block the water moccasin's attack.
You hit the water moccasin but do no damage.
The water moccasin is moderately wounded.
You feel sick. You block the water moccasin's attack.
You closely miss the water moccasin. You bite the water moccasin.
You drain its power.
You feel invigorated.
The water moccasin is moderately wounded.
You feel sick. The water moccasin bites you!
You are more poisoned.
The water moccasin poisons you! You block the water moccasin's attack.
You puncture the water moccasin!
The water moccasin is heavily wounded.
You feel sick. The water moccasin bites you.
* * * LOW HITPOINT WARNING * * *
You closely miss the water moccasin.
The water moccasin is heavily wounded.
You feel sick.
The water moccasin bites you but does no damage. x2
You closely miss the water moccasin.
The water moccasin is heavily wounded.
You feel sick. The water moccasin barely misses you.
You miss the water moccasin.
The water moccasin is heavily wounded.
You feel sick. The water moccasin bites you.
* * * LOW HITPOINT WARNING * * *
You miss the water moccasin.
The water moccasin is heavily wounded.
You feel sick. The water moccasin bites you.
* * * LOW HITPOINT WARNING * * *
The water moccasin barely misses you.
You hit the water moccasin but do no damage.
The water moccasin is heavily wounded.
You feel sick. The water moccasin bites you.
* * * LOW HITPOINT WARNING * * *
You are lethally poisoned!
The water moccasin poisons you!
You are too injured to fight recklessly!
Evoke which item? (* to show all) (? for menu, Esc to quit)
Okay, then.
Evoke which item? (* to show all) (? for menu, Esc to quit)
Aiming: Random Effects
Press: ? - help, Shift-Dir - straight line, f - water moccasin
Aim: a water moccasin (heavily wounded)
The puff of flame hits the water moccasin.
The water moccasin is severely wounded.
* * * LOW HITPOINT WARNING * * *
You feel sick. The water moccasin bites you!
You die...

§.§≈§. .......#
≈⌠_§≈..........### ####
§≈≈§§§...##......###...#
..##≈§§...#......#.....#
...≈§§....#......#.....#
..........#......#.....#.
..........#......#.......
..........#......'.......
......###.......@######.#
####.....########S......#
# #.....# +)......# #
#.....# #.......# #
#.....# #.......# #
#.....# #.......# #
#.....# #.......# #
#.....# #.......# #
####### #########


You could see a water moccasin.

Vanquished Creatures
  An orc priest (D:3)
  Jessica (D:3)
  2 iguanas
  2 worker ants (D:4)
  3 orc wizards
  A hound skeleton (D:6)
  Robin (D:4)
  4 adders
  7 gnolls
  2 worms
  2 dart slugs (D:1)
  2 leopard geckos
  8 orcs
  4 bats (D:3)
  2 giant cockroaches
  7 hobgoblins
  7 jackals
  4 kobolds
  3 frilled lizards
  10 goblins
  3 rats (D:1)
  A fungus (D:3)
77 creatures vanquished.

Vanquished Creatures (others)
  A fungus (D:3)
1 creature vanquished.

Grand Total: 78 creatures vanquished

Notes
Turn   | Place    | Note
-------+----------+-------------------------------------------
     0 | D:1      | Amnesiac the Vine Stalker Fighter began the quest for the Orb.
     0 | D:1      | Reached XP level 1. HP: 11/11 MP: 2/2
    15 | D:1      | Reached skill level 2 in Short Blades
    57 | D:1      | Reached XP level 2. HP: 16/16 MP: 3/3
    78 | D:1      | Reached skill level 3 in Short Blades
    78 | D:1      | Reached XP level 3. HP: 19/19 MP: 4/4
   194 | D:3      | Noticed Jessica
   197 | D:3      | Killed Jessica
   197 | D:3      | Reached skill level 4 in Short Blades
   197 | D:3      | Gained mutation: Your natural rate of healing is unusually fast. [Vine Stalker growth]
   197 | D:3      | Reached XP level 4. HP: 19/23 MP: 5/5
   217 | D:3      | Found a sparkling altar of Nemelex Xobeh.
   278 | D:3      | Reached XP level 5. HP: 14/27 MP: 4/6
   297 | D:3      | Reached skill level 5 in Short Blades
   582 | D:3      | Found a deep blue altar of Sif Muna.
   701 | D:4      | Noticed Robin
   726 | D:4      | Killed Robin
   726 | D:4      | Reached XP level 6. HP: 32/32 MP: 7/7
   902 | D:4      | Reached skill level 6 in Short Blades
  1086 | D:4      | Found a snail-covered altar of Cheibriados.
  1091 | D:5      | Entered Level 5 of the Dungeon
  1101 | D:5      | Found a sacrificial altar of Ru.
  1109 | D:5      | Became a worshipper of Ru the Awakened
  1140 | D:6      | Found a stormy altar of Qazlal.
  1161 | D:6      | Reached XP level 7. HP: 34/35 MP: 8/8
  1218 | D:6      | Slain by a water moccasin

Vault maps used:
D:1:      scummos_arrival_simple_fountains
D:2:      lemuel_doored_altar, grunt_temple_overflow_open
D:3:      lemuel_crystal_altar, tgw_sif, minmay_gold_behind_fungi,
          small_statue_intersection, uniq_crazy_yiuf_cottage, uniq_jessica,
          uniq_sigmund, uniq_terence
D:4:      kennysheep_little_box, uniq_robin
D:5:      lemuel_round_altar, nicolae_ru_sacrificial_ziggurat, first_ration,
          basic_altar
D:6:      nicolae_qazlal_general_emergency, minmay_temple_entry_junction_2,
          uniq_edmund

Skill      XL: |  1  2  3  4  5  6 |
---------------+-------------------+-----
Short Blades   | 2 3 4 5 6 |  6.7
Fighting       | |  2.6
Armour         | |  2.4
Shields        | |  2.6

Action                   |  1- 3 |  4- 6 |  7- 9 || total
-------------------------+-------+-------+-------++-------
Melee: Rapier            |    53 |   233 |    19 ||   305
       Bite              |    14 |    70 |     3 ||    87
Evoke: Wand              |       |       |     1 ||     1
  Use: Scroll            |       |     2 |       ||     2
  Eat: Chunk             |       |     1 |     1 ||     2
Armor: Scale mail        |    15 |    75 |     5 ||    95
Dodge: Dodged            |    15 |    44 |     4 ||    63
Block: Shield            |    29 |    79 |     6 ||   114

Table legend:
 A = Spawn XP
 B = Non-spawn XP
 C = Spawn XP percentage of total XP
 D = Spawn monster count
 E = Non-spawn monster count
 F = Spawn count percentage of total count
 G = Total turns spent on level
                    A         B        C        D         E        F      G
               +---------+---------+-------+---------+---------+-------+---------
         Total |       0 |     634 |   0.0 |       0 |      76 |   0.0 |  1218
               +---------+---------+-------+---------+---------+-------+---------
           D:1 |       0 |      47 |   0.0 |       0 |      12 |   0.0 |    96
           D:2 |       0 |      23 |   0.0 |       0 |       6 |   0.0 |    98
           D:3 |       0 |     216 |   0.0 |       0 |      21 |   0.0 |   469
           D:4 |       0 |     274 |   0.0 |       0 |      32 |   0.0 |   428
           D:5 |       0 |       1 |   0.0 |       0 |       1 |   0.0 |    34
           D:6 |       0 |      73 |   0.0 |       0 |       4 |   0.0 |    93
               +---------+---------+-------+---------+---------+-------+---------
